 Dungeon Crawl Stone Soup version 0.31-a0-175-g9f7f995f2b (webtiles) character file.

Game seed: 1884096845899835528

2368 qw the Cleaver (level 9, -1/55 HPs)
             Began as a Gargoyle Fighter on June 16, 2023.
             Was a Follower of Okawaru.
             Killed from afar by an orc wizard (8 damage)
             ... with a puff of flame
             ... on level 7 of the Dungeon.
             The game lasted 00:03:22 (5760 turns).

qw the Cleaver (Gargoyle Fighter)                   Turns: 5760, Time: 00:03:23

Health: -1/55      AC: 20    Str: 25    XL:     9   Next: 44%
Magic:  12/12      EV:  9    Int:  8    God:    Okawaru [*.....]
Gold:   476        SH:  0    Dex:  9    Spells: 8/8 levels left

rFire   . . .        Y - +0 war axe
rCold   . . .        g - +0 kite shield
rNeg    + . .        p - +0 chain mail
rPois   inf          a - +0 helmet
rElec   +            n - scarf {repulsion}
rCorr   .            h - +0 pair of gloves
SInv    .            (no boots)
Will    .....        j - amulet of reflection Stlth
                     (no ring)
HPRegen 0.29/turn    (no ring)
MPRegen 0.13/turn

%: repel missiles, reflection
@: confused, heroic
A: sickness immunity, AC +6, negative energy resistance 1, electricity
resistance, torment resistance 1, petrification resistance
a: Renounce Religion, Heroism


You were on level 7 of the Dungeon.
You worshipped Okawaru.
Okawaru was aware of your devotion.
You visited 2 branches of the dungeon, and saw 8 of its levels.

You collected 476 gold pieces.


Innate Abilities, Weirdness & Mutations

You are immune to sickness and miasma.
Your stone body is resilient. (AC +6)
You are immune to poison.
You resist negative energy. (rN+)
You are resistant to electric shocks. (rElec)
You are resistant to unholy torment.
You are immune to petrification.


   Skills:
 - Level 6.2(11.2) Fighting
 - Level 9.0(14.0) Axes
 - Level 4.1(9.1) Armour
 - Level 1.0(6.0) Dodging
 + Level 5.4(10.4) Shields
 - Level 4.0 Invocations


You had 8 spell levels left.
You didn't know any spells.
Your spell library was empty.

Inventory:

Hand Weapons
 f - a +2 flail of protection
 Y - a +0 war axe (weapon)
Armour
 a - a +0 helmet (worn)
 b - a +0 cloak
 g - a +0 kite shield (worn)
 h - a +0 pair of gloves (worn)
 n - a scarf of repulsion (worn)
 p - a +0 chain mail (worn)
Jewellery
 j - an amulet of reflection (around neck)
Scrolls
 l - a scroll of identify
Potions
 d - a potion of might
 e - a potion of haste
 i - a potion of resistance
 m - a potion of cancellation {unknown}
 o - a potion of attraction {unknown}
 q - a potion of lignification {unknown}

Dungeon Overview and Level Annotations

Branches:
Dungeon (7/15)             Temple (1/1) D:4

Altars:
Cheibriados
Fedhas
Gozag
Hepliaklqana
Kikubaaqudgha
Nemelex Xobeh
Okawaru
Qazlal
Trog
Uskayaw
Vehumet
Wu Jian
Yredelemnul
Zin
The Shining One

Shops:
D:3 =

Annotations:
D:4 Prince Ribbit


Message History

The orc hits you but does no damage. Something hits you but does no damage.
The orc closely misses you.
The orc priest hits you but does no damage.
The orc hits you but does no damage. Something hits you but does no damage.
The orc hits you but does no damage.
The orc priest invokes the aid of Beogh against you.
Beogh smites you! The orc barely misses you.
The orc priest invokes the aid of Beogh against you.
Beogh smites you!
You hear some strange, mumbled words.
A magic dart appears from out of thin air!
The magic dart hits you but does no damage.
The orc barely misses you. The orc hits you but does no damage.
You hear some strange, mumbled words.
Something tries to affect you, but you resist.
The orc hits you but does no damage.
The orc priest invokes the aid of Beogh against you.
Pain shoots through your body!
You feel less confused. You block the orc's attack.
You hear some strange, mumbled words.
You are confused.
The orc barely misses you.
The orc priest hits you but does no damage.
The orc barely misses you.
You hear some strange, mumbled words.
A puff of flame appears from out of thin air!
The puff of flame misses you. The orc hits you but does no damage.
The orc priest hits you but does no damage.
The orc closely misses you. Something hits you but does no damage.
The orc misses you.
The orc priest hits you but does no damage.
The orc hits you but does no damage.
The orc priest hits you but does no damage.
You hear some strange, mumbled words.
A puff of flame appears from out of thin air!
The puff of flame hits you!
You die...

#.................
#..................
#..................
###...)))$..........
....................
###.....~)..........
#?................
#..........o......
#.........@o!.....
#.........o{......
#..<..............
##................
##...............
##..............
##.............
#.............
.#.....


You could see an orc priest and 2 orcs.

Vanquished Creatures
  Sigmund (D:2)
  Eustachio (D:5)
  Edmund (D:6)
  Duvessa (D:5)
  3 ogres
  A sky beast (D:7)
  An ice beast (D:6)
  A centaur (D:6)
  A kobold brigand (D:6)
  Blork the orc (D:5)
  2 bullfrogs (D:6)
  A scorpion (D:5)
  A gnoll sergeant (D:6)
  4 wights (D:7)
  Dowan (D:5)
  4 hounds
  An orc priest (D:4)
  A jelly (D:6)
  2 sleepcaps
  An iguana (D:4)
  3 orc wizards (D:6)
  15 gnolls
  8 adders
  2 shadow imps
  2 white imps (D:5)
  2 ufetubi
  A worm (D:2)
  4 dart slugs
  8 orcs
  7 bats
  6 endoplasms
  A giant cockroach (D:1)
  8 goblins
  9 hobgoblins
  8 jackals
  12 kobolds
  2 quokkas
  11 ball pythons
  3 frilled lizards
  4 rats
  A spectral hobgoblin (D:4)
147 creatures vanquished.

Notes
Turn   | Place    | Note
-------+----------+-------------------------------------------
     0 | D:1      | qw the Gargoyle Fighter began the quest for the Orb.
     0 | D:1      | Reached XP level 1. HP: 14/14 MP: 1/1
     0 | D:1      | 0 ||| qw: Version: 0.2-a-29-g511e9b1
     0 | D:1      | 0 ||| qw: Game counter: 5890
     0 | D:1      | 0 ||| qw: Always use a shield: true
     0 | D:1      | 0 ||| qw: God list: Okawaru
     0 | D:1      | 0 ||| qw: Allow faded altars: false
     0 | D:1      | 0 ||| qw: Do Orc after D:15 true
     0 | D:1      | 0 ||| qw: Do second Lair branch before Depths: true
     0 | D:1      | 0 ||| qw: Lair rune preference: random
     0 | D:1      | 0 ||| qw: Plans: Normal, Zot:1-4, Slime:5, God:TSO, Crypt,
                  | Tomb, Abyss, Pan, Hells, Win
     0 | D:1      | 0 ||| PLANNING D:1-11
    74 | D:1      | 74 ||| Stepping ~*~*~tactically~*~*~ (hiding).
    78 | D:1      | Reached skill level 2 in Axes
   193 | D:1      | 193 ||| Stepping ~*~*~tactically~*~*~ (stealth).
   203 | D:1      | Reached XP level 2. HP: 18/19 MP: 2/2
   259 | D:1      | 259 ||| Stepping ~*~*~tactically~*~*~ (stealth).
   471 | D:1      | HP: 4/19 [gnoll/+0 spear (7)]
   472 | D:1      | HP: 1/19 [hobgoblin (3)]
   473 | D:1      | Reached skill level 3 in Axes
   473 | D:1      | Reached XP level 3. HP: 1/23 MP: 3/3
  1129 | D:1      | 1129 ||| READING scroll labelled MAGEYFYCVUJU.
  1130 | D:1      | 1130 ||| READING scroll labelled CACLAD PAUJAH.
  1131 | D:1      | 1131 ||| READING scroll labelled NUSISM WORUUTHO.
  1146 | D:1      | 1146 ||| READING scroll labelled SETUDIU FOACZI.
  1147 | D:1      | 1147 ||| READING scroll labelled WAEGOE ASOIHO.
  1177 | D:2      | Noticed Sigmund
  1186 | D:2      | Killed Sigmund
  1187 | D:2      | Reached skill level 5 in Axes
  1187 | D:2      | Reached XP level 4. HP: 18/28 MP: 4/4
  1187 | D:2      | Reached XP level 5. HP: 20/32 MP: 5/5
  1472 | D:2      | Found a bloodstained altar of Trog.
  1488 | D:2      | Reached XP level 6. HP: 37/37 MP: 6/6
  1536 | D:2      | 1536 ||| DROPPING +0 club.
  1602 | D:2      | 1602 ||| Stepping ~*~*~tactically~*~*~ (hiding).
  1850 | D:2      | 1850 ||| UPGRADING to +0 helmet.
  1855 | D:2      | 1855 ||| READING scroll labelled LIAHIUC VITA.
  1856 | D:2      | 1856 ||| READING scroll labelled FYGEOPSOGE.
  1882 | D:3      | 1882 ||| Stepping ~*~*~tactically~*~*~ (hiding).
  2035 | D:3      | 2035 ||| Stepping ~*~*~tactically~*~*~ (stealth).
  2062 | D:3      | 2062 ||| Stepping ~*~*~tactically~*~*~ (stealth).
  2087 | D:3      | Reached skill level 1 in Dodging
  2099 | D:3      | Found a faded altar of an unknown god.
  2347 | D:3      | Found a sparkling altar of Nemelex Xobeh.
  2417 | D:3      | Found Juromox's Jewellery Emporium.
  2425 | D:3      | 2425 ||| SHOPLISTING +6 ring of dexterity (504 gold, have
                  | 167).
  2425 | D:3      | 2425 ||| SHOPLISTING +6 ring of strength (504 gold, have
                  | 167).
  2425 | D:3      | 2425 ||| SHOPLISTING ring of ice (350 gold, have 167).
  2425 | D:3      | 2425 ||| SHOPLISTING ring of positive energy (280 gold,
                  | have 167).
  2425 | D:3      | 2425 ||| SHOPLISTING ring of resist corrosion (280 gold,
                  | have 167).
  2425 | D:3      | 2425 ||| SHOPLISTING ring of the Octopus King {rF+ HP+2
                  | AC+2 EV+2 SH+2} (859 gold, have 167).
  2546 | D:3      | 2546 ||| UPGRADING to amulet of reflection.
  2551 | D:3      | 2551 ||| DROPPING +6 ring of intelligence.
  2552 | D:3      | 2552 ||| READING 2 scrolls labelled WAGHAANGOFF.
  2555 | D:3      | 2555 ||| DRINKING 2 inky potions.
  2556 | D:3      | 2556 ||| DRINKING 2 fuming ruby potions.
  2557 | D:3      | 2557 ||| DROPPING potion of degeneration.
  2558 | D:3      | 2558 ||| DROPPING potion of brilliance.
  2727 | D:4      | Found a hazy altar of Hepliaklqana.
  2751 | D:4      | Found a bloodstained altar of Trog.
  2898 | D:4      | Reached skill level 6 in Axes
  2909 | D:4      | Reached XP level 7. HP: 24/43 MP: 7/7
  2979 | D:4      | 2979 ||| DROPPING +1 whip of freezing.
  3063 | D:4      | Found a staircase to the Ecumenical Temple.
  3064 | D:4      | 3064 ||| PLANNING TEMPLE
  3064 | D:4      | 3064 ||| UPGRADING to +0 pair of gloves.
  3069 | D:4      | 3069 ||| UPGRADING to scarf of repulsion.
  3074 | D:4      | 3074 ||| DRINKING 2 orange potions.
  3075 | D:4      | 3075 ||| READING 2 scrolls of identify.
  3075 | D:4      | 3075 ||| IDENTIFYING murky amethyst potion
  3084 | Temple   | Entered the Ecumenical Temple
  3136 | Temple   | 3136 ||| PLANNING OKAWARU WORSHIP
  3268 | Temple   | Became a worshipper of Warmaster Okawaru
  3269 | Temple   | 3269 ||| PLANNING D:1-11
  3369 | D:4      | 3369 ||| Stepping ~*~*~tactically~*~*~ (hiding).
  3370 | D:4      | 3370 ||| Stepping ~*~*~tactically~*~*~ (hiding).
  3372 | D:4      | 3372 ||| Stepping ~*~*~tactically~*~*~ (hiding).
  3431 | D:4      | 3431 ||| DROPPING +0 flail.
  3721 | D:4      | 3721 ||| READING 2 scrolls of identify.
  3721 | D:4      | 3721 ||| IDENTIFYING emerald potion
  3748 | D:5      | Entered Level 5 of the Dungeon
  3754 | D:5      | Noticed Prince Ribbit
  3768 | D:5      | 3768 ||| FLEEEEING.
  3769 | D:5      | 3769 ||| FLEEEEING.
  3770 | D:5      | 3770 ||| STAIRDANCE
  3859 | D:5      | 3859 ||| FLEEEEING.
  3860 | D:5      | 3860 ||| FLEEEEING.
  3861 | D:5      | 3861 ||| STAIRDANCE
  3895 | D:5      | 3895 ||| STAIRDANCE
  3924 | D:4      | HP: 10/43 [Prince Ribbit (4)]
  3925 | D:4      | 3925 ||| READING scroll of teleportation.
  3925 | D:4      | HP: 1/43 [Prince Ribbit (9)]
  3926 | D:4      | 3926 ||| DRINKING potion of heal wounds.
  4028 | D:5      | Found an opulent altar of Gozag.
  4044 | D:5      | 4044 ||| Stepping ~*~*~tactically~*~*~ (stealth).
  4050 | D:5      | 4050 ||| Stepping ~*~*~tactically~*~*~ (hiding).
  4051 | D:5      | 4051 ||| Stepping ~*~*~tactically~*~*~ (hiding).
  4052 | D:5      | 4052 ||| Stepping ~*~*~tactically~*~*~ (hiding).
  4178 | D:5      | Noticed Eustachio
  4211 | D:5      | HP: 10/43 [shadow imp/nerve-wracking pain[Eustachio] (7)]
  4212 | D:5      | 4212 ||| READING scroll of teleportation.
  4221 | D:5      | Reached skill level 7 in Axes
  4497 | D:5      | 4497 ||| Stepping ~*~*~tactically~*~*~ (stealth).
  4500 | D:5      | Noticed Duvessa
  4501 | D:5      | Noticed Dowan
  4502 | D:5      | 4502 ||| Stepping ~*~*~tactically~*~*~ (hiding).
  4521 | D:5      | Killed Duvessa
  4538 | D:5      | Killed Dowan
  4554 | D:5      | Killed Eustachio
  4554 | D:5      | Reached * piety under Okawaru
  4555 | D:5      | Reached XP level 8. HP: 33/49 MP: 8/8
  4714 | D:5      | 4714 ||| INVOKING Heroism.
  4719 | D:5      | Reached skill level 1 in Invocations
  4755 | D:5      | 4755 ||| INVOKING Heroism.
  4775 | D:5      | Reached skill level 8 in Axes
  4911 | D:5      | Noticed Blork the orc
  4918 | D:5      | Killed Blork the orc
  5035 | D:5      | 5035 ||| UPGRADING to +0 chain mail.
  5045 | D:5      | 5045 ||| DROPPING +0 scale mail.
  5046 | D:5      | 5046 ||| READING scroll labelled SYWNAG DIUHIM.
  5047 | D:5      | 5047 ||| READING 2 scrolls of identify.
  5047 | D:5      | 5047 ||| IDENTIFYING white potion
  5048 | D:5      | 5048 ||| DROPPING potion of ambrosia.
  5062 | D:6      | 5062 ||| Stepping ~*~*~tactically~*~*~ (hiding).
  5063 | D:6      | 5063 ||| Stepping ~*~*~tactically~*~*~ (hiding).
  5065 | D:6      | 5065 ||| Stepping ~*~*~tactically~*~*~ (hiding).
  5067 | D:6      | 5067 ||| STAIRDANCE
  5158 | D:6      | 5158 ||| INVOKING Heroism.
  5171 | D:6      | Reached skill level 6 in Fighting
  5179 | D:6      | Reached skill level 3 in Invocations
  5182 | D:6      | 5182 ||| INVOKING Heroism.
  5299 | D:6      | Noticed Edmund
  5300 | D:6      | 5300 ||| INVOKING Heroism.
  5315 | D:6      | Killed Edmund
  5316 | D:6      | Reached XP level 9. HP: 51/55 MP: 9/11
  5506 | D:6      | 5506 ||| INVOKING Heroism.
  5509 | D:6      | Reached skill level 9 in Axes
  5527 | D:6      | 5527 ||| Stepping ~*~*~tactically~*~*~ (hiding).
  5639 | D:6      | 5639 ||| UPGRADING to +0 kite shield.
  5649 | D:6      | 5649 ||| DROPPING +0 buckler.
  5650 | D:6      | 5650 ||| DROPPING ring of wizardry.
  5651 | D:6      | 5651 ||| READING 2 scrolls of identify.
  5651 | D:6      | 5651 ||| IDENTIFYING glowing emerald potion
  5652 | D:6      | 5652 ||| DROPPING potion of enlightenment.
  5693 | D:7      | 5693 ||| INVOKING Heroism.
  5746 | D:7      | 5746 ||| INVOKING Heroism.
  5748 | D:7      | 5748 ||| DRINKING potion of curing.
  5748 | D:7      | 5748 ||| (to cure confusion)
  5755 | D:7      | HP: 7/55 [orc priest/divine providence (15)]
  5760 | D:7      | Killed from afar by an orc wizard

Levels and vault maps discovered:
D:1:      minmay_arrival_pointy, layout_basic
D:2:      layout_loops_cross, basic_altar, uniq_sigmund
D:3:      layout_basic, mainiacjoe_overflow_cross_hatched, serial_shops, shop,
          nicolae_ecumenical_snake_handling
D:4:      layout_gridville, nicolae_hepliaklqana_monster_ancestors,
          amcnicky_altar_gilded, minmay_temple_entry_water_ring
D:5:      layout_basic, nicolae_gozag_seed_capital, st_stairs_13,
          uniq_eustachio, uniq_blork_the_orc, uniq_duvessa, uniq_prince_ribbit1
D:6:      layout_basic, uniq_edmund
D:7:      layout_basic, makhleb_blood_cavern_becter, overflow_temple_1_default,
          enter_bailey_2, hangedman_decor_peaks_small, uniq_maggie
Temple:   grunt_temple_mini_profane

Skill      XL: |  1  2  3  4  5  6  7  8  9 |
---------------+----------------------------+-----
Axes           | 2 3 5 6 7 8 9 |  9.0
Fighting       | 4 5 6 |  6.2
Dodging        | 1 |  1.0
Invocations    | 3 4 |  4.0
Armour         | 4 |  4.1
Shields        | 5 |  5.4

Action                     |  1- 3 |  4- 6 |  7- 9 || total
---------------------------+-------+-------+-------++-------
  Melee: War axe           |    68 |   169 |   317 ||   554
 Invoke: Heroism           |       |       |     8 ||     8
    Use: Scroll            |     5 |     3 |     7 ||    15
         Potion            |       |     2 |     3 ||     5
 Armour: Scale mail        |    30 |    75 |   128 ||   233
         Chain mail        |       |       |    77 ||    77
  Dodge: Dodged            |    19 |    75 |   148 ||   242
         Repelled          |       |       |     2 ||     2
  Block: Buckler           |    11 |    41 |   146 ||   198
         Reflection        |       |       |     5 ||     5
         Kite shield       |       |       |    16 ||    16

Table legend:
 A = Non-vault XP
 B = Vault XP
 C = Vault XP percentage of total XP
 D = Non-vault monster count
 E = Vault monster count
 F = Vault count percentage of total count
                 A         B        C        D         E       F
            +---------+---------+-------+---------+---------+-------
      Total |    2440 |     943 |  27.9 |     134 |      13 |   8.8
            +---------+---------+-------+---------+---------+-------
        D:1 |      63 |       0 |   0.0 |      28 |       0 |   0.0
        D:2 |      39 |     231 |  85.6 |      21 |       1 |   4.5
        D:3 |      97 |      30 |  23.6 |      19 |       4 |  17.4
        D:4 |     247 |       3 |   1.2 |      21 |       2 |   8.7
        D:5 |     483 |     510 |  51.4 |      13 |       5 |  27.8
        D:6 |    1079 |     169 |  13.5 |      25 |       1 |   3.8
        D:7 |     432 |       0 |   0.0 |       7 |       0 |   0.0
            +---------+---------+-------+---------+---------+-------
